 Dungeon Crawl Stone Soup version 0.31-a0-152-g6aa68a64a1 (webtiles) character file.

Game seed: 17946728205017740064

391 qw the Shooter (level 6, -3/39 HPs)
             Began as a Gargoyle Hunter on June 10, 2023.
             Slain by a gnoll
             ... wielding a +0 halberd
             ... led by a gnoll bouda
              (9 damage)
             ... on level 5 of the Dungeon.
             The game lasted 00:01:00 (2652 turns).

qw the Shooter (Gargoyle Hunter)                    Turns: 2652, Time: 00:01:01

Health: -3/39      AC:  7    Str: 14    XL:     6   Next: 80%
Magic:  6/6        EV: 11    Int: 10    God:
Gold:   288        SH:  0    Dex: 15    Spells: 5/5 levels left

rFire   . . .        Y - +1 shortbow
rCold   . . .        (shield currently unavailable)
rNeg    + . .        c - +0 leather armour
rPois   inf          (no helmet)
rElec   +            (no cloak)
rCorr   .            (no gloves)
SInv    .            (no boots)
Will    .....        g - amulet of regeneration
Stlth   ++           (no ring)
HPRegen 1.06/turn    (no ring)
MPRegen 0.10/turn

%: no passive effects
@: no status effects
A: sickness immunity, AC +4, negative energy resistance 1, electricity
resistance, torment resistance 1, petrification resistance
a: no special abilities


You were on level 5 of the Dungeon.
You visited 1 branch of the dungeon, and saw 5 of its levels.

You collected 288 gold pieces.


Innate Abilities, Weirdness & Mutations

You are immune to sickness and miasma.
Your stone body is resilient. (AC +4)
You are immune to poison.
You resist negative energy. (rN+)
You are resistant to electric shocks. (rElec)
You are resistant to unholy torment.
You are immune to petrification.


   Skills:
 - Level 4.3 Fighting
 - Level 7.0 Ranged Weapons
 + Level 1.7 Dodging
 - Level 1.1 Stealth


You had 5 spell levels left.
You didn't know any spells.
Your spell library was empty.

Inventory:

Hand Weapons
 Y - a +1 shortbow (weapon)
Armour
 c - a +0 leather armour (worn)
 j - a +0 ring mail
Jewellery
 g - an amulet of regeneration (around neck)
Scrolls
 b - a scroll of identify
Potions
 a - a potion of lignification
 e - a potion of might
 f - a potion of degeneration {unknown}
 h - a potion of magic {unknown}
 i - a potion of mutation {unknown}
 k - a potion of invisibility {unknown}
 m - a potion of berserk rage {unknown}
 n - a potion of ambrosia {unknown}

Dungeon Overview and Level Annotations

Branches:
Dungeon (5/15)
 Temple: D:4-7

Altars:

Shops:
D:5 *

Annotations:
D:2 1 runed translucent door, Crazy Yiuf


Message History

The gnoll hits you with a +2 whip of venom.
You shoot an arrow.
The arrow hits the gnoll but does no damage.
The gnoll is severely wounded.
The gnoll hits you with a +0 flail. The gnoll hits you but does no damage.
The gnoll hits you from afar with a +0 halberd!
You shoot an arrow. The arrow hits the gnoll!
You kill the gnoll!
The gnoll misses you. The gnoll hits you but does no damage.
Your Ranged Weapons skill increases to level 7!
You shoot an arrow. The arrow completely misses the gnoll.
The gnoll misses you. The gnoll hits you but does no damage.
You shoot an arrow. The arrow hits the gnoll.
The gnoll is lightly wounded.
The gnoll closely misses you.
The gnoll hits you with a +2 whip of venom.
You shoot an arrow.
The arrow hits the gnoll but does no damage.
The gnoll is lightly wounded.
The gnoll hits you but does no damage. The gnoll barely misses you.
You shoot an arrow.
The arrow hits the gnoll but does no damage.
The gnoll is lightly wounded.
The gnoll hits you from afar with a +0 halberd!
The gnoll closely misses you.
You shoot an arrow. The arrow hits the gnoll.
The gnoll is heavily wounded.
The gnoll hits you from afar with a +0 halberd.
The gnoll barely misses you.
You shoot an arrow. The arrow hits the gnoll!
You kill the gnoll!
The gnoll hits you from afar with a +0 halberd.
You shoot an arrow. The arrow hits the gnoll!
The gnoll is heavily wounded.
The gnoll hits you but does no damage. x2
You shoot an arrow. The arrow closely misses the gnoll.
The gnoll barely misses you.
You shoot an arrow. The arrow barely misses the gnoll.
The gnoll hits you from afar with a +0 halberd!
You die...

#..# #..#
#..# #\<#
#..# #####
..#####..#
#....
ggg..g...#
#####.###
####)).#
#.....#
#..)@..#
#.#####
#.?#)#.# #.#
.... #>#.#
#.# ## ##.#
#.#.######.#
#. #
..#........#
#.
############
#. #. #. #.


You could see a gnoll.

Vanquished Creatures
  An ice beast (D:5)
  A scorpion (D:4)
  A howler monkey (D:4)
  A hound (D:4)
  A jelly (D:5)
  4 gnolls (D:5)
  2 adders
  A river rat (D:5)
  2 worms (D:2)
  A dart slug (D:2)
  4 orcs
  2 bats
  7 endoplasms
  2 giant cockroaches
  10 goblins
  6 hobgoblins
  5 quokkas
  3 ball pythons
  A frilled lizard (D:3)
  5 kobolds
  7 rats
  A spectral goblin (D:1)
68 creatures vanquished.

Notes
Turn   | Place    | Note
-------+----------+-------------------------------------------
     0 | D:1      | qw the Gargoyle Hunter began the quest for the Orb.
     0 | D:1      | Reached XP level 1. HP: 12/12 MP: 1/1
     0 | D:1      | 0 ||| qw: Version: 0.2-a-123-gb51047a
     0 | D:1      | 0 ||| qw: Game counter: 3765
     0 | D:1      | 0 ||| qw: Always use a shield: true
     0 | D:1      | 0 ||| qw: God list: Okawaru
     0 | D:1      | 0 ||| qw: Allow faded altars: false
     0 | D:1      | 0 ||| qw: Do Orc after D:15 true
     0 | D:1      | 0 ||| qw: Do second Lair branch before Depths: true
     0 | D:1      | 0 ||| qw: Lair rune preference: random
     0 | D:1      | 0 ||| qw: Plans: Normal, Zot:1-4, Slime:5, God:TSO, Crypt,
                  | Tomb, Abyss, Pan, Hells, Win
     0 | D:1      | 0 ||| PLANNING D:1-11
   112 | D:1      | Reached XP level 2. HP: 17/17 MP: 2/2
   188 | D:1      | Found a faded altar of an unknown god.
   411 | D:1      | 411 ||| READING scroll labelled FEIP NUNYLE.
   415 | D:1      | 415 ||| READING scroll labelled SEITIXZ PETA.
   416 | D:1      | 416 ||| READING scroll labelled TOTWIOWNEN.
   417 | D:1      | 417 ||| READING scroll labelled QOGIAS ZOOW.
   418 | D:1      | 418 ||| READING scroll labelled ICISA FIMIN.
   419 | D:1      | 419 ||| DROPPING scroll of butterflies.
   611 | D:2      | Reached skill level 5 in Ranged Weapons
   611 | D:2      | Reached XP level 3. HP: 21/21 MP: 3/3
  1009 | D:2      | Found a runed translucent door.
  1010 | D:2      | Noticed Crazy Yiuf
  1232 | D:2      | 1232 ||| UPGRADING to amulet of regeneration.
  1237 | D:2      | 1237 ||| READING scroll labelled WIJARROCIA.
  1238 | D:2      | 1238 ||| DRINKING 2 white potions.
  1299 | D:3      | Reached skill level 3 in Fighting
  1377 | D:3      | Reached XP level 4. HP: 28/28 MP: 4/4
  1717 | D:4      | Reached skill level 6 in Ranged Weapons
  1717 | D:4      | Reached XP level 5. HP: 12/32 MP: 5/5
  2356 | D:4      | 2356 ||| READING scroll labelled UTTIANG VYRCHA.
  2357 | D:4      | 2357 ||| READING 2 scrolls labelled DUEGEHIOMY.
  2358 | D:4      | 2358 ||| READING 3 scrolls of identify.
  2358 | D:4      | 2358 ||| IDENTIFYING puce potion
  2359 | D:4      | 2359 ||| READING 2 scrolls of identify.
  2359 | D:4      | 2359 ||| IDENTIFYING glowing amethyst potion
  2360 | D:4      | 2360 ||| DROPPING scroll of magic mapping.
  2381 | D:5      | Entered Level 5 of the Dungeon
  2382 | D:5      | 2382 ||| PLANNING SEWER
  2385 | D:5      | 2385 ||| STAIRDANCE
  2486 | D:5      | Noticed an ice beast
  2504 | D:5      | Killed an ice beast
  2505 | D:5      | Reached XP level 6. HP: 21/39 MP: 6/6
  2625 | D:5      | Found Zuhykh's Lightly-Used Armoury.
  2631 | D:5      | 2631 ||| Stepping ~*~*~tactically~*~*~ (outnumbered).
  2640 | D:5      | HP: 7/39 [gnoll/+0 halberd[a gnoll bouda] (6)]
  2641 | D:5      | 2641 ||| DRINKING potion of heal wounds.
  2644 | D:5      | Reached skill level 7 in Ranged Weapons
  2647 | D:5      | HP: 8/39 [gnoll/+0 halberd[a gnoll bouda] (9)]
  2649 | D:5      | HP: 2/39 [gnoll/+0 halberd[a gnoll bouda] (5)]
  2652 | D:5      | Slain by a gnoll

Levels and vault maps discovered:
D:1:      mushboom_english_gardens, layout_rooms,
          dreamdust_ecumenical_altar_drowned_temple, minmay_misc_feat_room,
          minivault_4, st_stairs_8
D:2:      layout_basic, uniq_crazy_yiuf_cottage
D:3:      layout_rooms, grunt_ministairs_2
D:4:      layout_basic, lemuel_flame_loot_1
D:5:      layout_basic, portal_sewer_entry_e, minmay_shop_damaged,
          chequers_serial_rivers_micro_b, nzn_random_ring

Skill      XL: |  1  2  3  4  5  6 |
---------------+-------------------+-----
Ranged Weapons | 5 6 7 |  7.0
Fighting       | 3 4 |  4.3
Dodging        | |  1.7
Stealth        | |  1.1

Action                     |  1- 3 |  4- 6 || total
---------------------------+-------+-------++-------
   Fire: Shortbow          |    88 |   133 ||   221
    Use: Scroll            |     6 |     4 ||    10
         Potion            |     1 |     1 ||     2
 Armour: Leather armour    |     1 |    39 ||    40
  Dodge: Dodged            |     4 |    64 ||    68

Table legend:
 A = Non-vault XP
 B = Vault XP
 C = Vault XP percentage of total XP
 D = Non-vault monster count
 E = Vault monster count
 F = Vault count percentage of total count
                 A         B        C        D         E       F
            +---------+---------+-------+---------+---------+-------
      Total |     533 |      26 |   4.7 |      58 |      10 |  14.7
            +---------+---------+-------+---------+---------+-------
        D:1 |      22 |       3 |  12.0 |      13 |       2 |  13.3
        D:2 |      49 |       0 |   0.0 |      17 |       0 |   0.0
        D:3 |      12 |       2 |  14.3 |       6 |       1 |  14.3
        D:4 |     221 |       0 |   0.0 |      16 |       0 |   0.0
        D:5 |     229 |      21 |   8.4 |       6 |       7 |  53.8
            +---------+---------+-------+---------+---------+-------
